Map: Usina Ácida LE

Players

alejandro - Winner!

  • Race: Protoss Protoss
  • League: Bronze
  • Spawn Location: 5:00

IagoAbreu

  • Race: Terran Terran
  • League: Silver
  • Spawn Location: 11:00

VOD

Have the link to the VOD?

Description

Time

  • Played on: March 7, 2018, 5:53 a.m.
  • Length: 22:42
Show
View Real Time Build Order
Export as new Build Order

alejandro Protoss - Winner!

Build Orders:  

Get SALT Encoding   

  12  0:15  Probe (Chrono Boost)  
  12  0:20  Pylon  
  13  0:27  Probe (Chrono Boost)  
  14  0:49  Gateway  
  14  0:53  Forge  
  14  0:57  Probe  
  14  1:01  Assimilator  
  15  1:09  Probe (Chrono Boost)  
  17  1:20  Probe (Chrono Boost)  
  17  1:37  Photon Cannon  
  17  1:39  Cybernetics Core  
  17  1:47  Photon Cannon  
  17  1:53  Probe  
  18  2:05  Probe  
  19  2:12  Pylon  
  19  2:17  Probe  
  20  2:29  Probe  
  21  2:33  Assimilator  
  21  2:36  Warp Gate  
  21  2:42  Probe  
  22  2:54  Probe  
  23  3:05  Nexus  
  23  3:06  Probe  
  24  3:18  Probe  
  25  3:25  Stargate  
  25  3:30  Probe  
  26  3:42  Probe  
  26  3:47  Robotics Facility  
  27  3:54  Probe  
  28  3:58  Pylon  
  28  4:06  Probe (Chrono Boost)  
  29  4:10  Pylon  
  29  4:16  Void Ray  
  34  4:18  Probe (Chrono Boost)  
  34  4:23  Probe (Chrono Boost)  
  35  4:26  Probe (Chrono Boost)  
  37  4:31  Probe (Chrono Boost)  
  37  4:35  Probe (Chrono Boost)  
  37  4:36  Probe (Chrono Boost)  
  39  4:45  Fleet Beacon, Probe  
  40  4:47  Probe  
  41  4:57  Probe  
  41  4:59  Probe  
  43  5:05  Assimilator  
  43  5:09  Void Ray, Assimilator, Probe  
  43  5:11  Probe  
  50  5:21  Probe  
  50  5:23  Probe  
  51  5:33  Probe  
  51  5:35  Probe  
  53  5:45  Probe  
  53  5:46  Observer  
  53  5:47  Probe  
  56  5:55  Robotics Bay  
  56  5:57  Probe  
  56  5:59  Probe  
  58  6:07  Warp Prism  
  60  7:10  Probe  
  61  7:17  Twilight Council  
  61  7:25  Stargate  
  61  7:34  Pylon  
  61  7:48  Pylon  
  61  7:52  Tempest  
  61  7:57  Templar Archives  
  67  8:01  Dark Shrine  
  67  8:31  Nexus  
  67  8:35  Carrier  
  67  8:37  Pylon  
  73  8:41  Pylon  
  73  8:55  Carrier  
  79  9:08  Photon Cannon  
  79  9:10  Photon Cannon  
  79  9:11  Photon Cannon  
  79  9:13  Photon Cannon  
  79  9:16  Photon Cannon  
  79  9:18  Photon Cannon  
  79  9:23  Assimilator  
  79  9:28  Assimilator  
  79  9:35  Stalker  
  81  9:46  Colossus  
  87  10:00  Carrier  
  87  10:03  Gateway x2  
  87  10:04  Gateway  
  93  10:19  Dark Templar  
  93  10:21  Carrier  
  101  10:40  Colossus  
  107  11:14  Forge  
  107  11:16  Forge  
  107  11:18  Forge  
  107  11:20  Cybernetics Core  
  107  11:21  Cybernetics Core  
  107  12:09  Probe  
  108  12:18  Protoss Ground Weapons Level 1  
  108  12:19  Protoss Ground Armor Level 1  
  108  12:21  Protoss Shields Level 1  
  108  12:22  Protoss Air Weapons Level 1  
  108  12:24  Protoss Air Armor Level 1  
  108  12:49  Nexus  
  108  12:53  Assimilator  
  108  12:57  Assimilator  
  108  13:02  Pylon  
  108  13:03  Pylon  
  108  13:07  Pylon  
  108  13:09  Graviton Catapult  
  108  13:12  Observer Gravitic Boosters  
  108  13:19  Carrier  
  108  13:21  Colossus  
  108  13:24  Carrier  
  108  13:25  Photon Cannon  
  108  13:27  Photon Cannon  
  126  13:28  Photon Cannon  
  126  13:30  Photon Cannon  
  126  13:32  Photon Cannon  
  126  13:33  Photon Cannon  
  126  13:35  Photon Cannon x2  
  126  13:36  Photon Cannon  
  126  13:38  Photon Cannon  
  126  13:39  Photon Cannon  
  126  13:41  Probe  
  127  13:53  Probe  
  128  14:07  Anion Pulse-Crystals  
  128  14:09  Gravitic Drive  
  128  14:45  Carrier  
  128  14:50  Carrier  
  140  14:53  Stalker x4  
  148  15:02  Charge  
  148  15:06  Extended Thermal Lance  
  148  15:07  Protoss Ground Weapons Level 2  
  148  15:08  Protoss Ground Armor Level 2  
  148  15:10  Protoss Shields Level 2  
  148  15:12  Protoss Air Weapons Level 2  
  148  15:13  Protoss Air Armor Level 2  
  148  15:26  Pylon  
  148  15:30  Pylon  
  148  15:33  Pylon  
  148  15:39  Pylon  
  148  15:44  Probe  
  149  15:57  Probe  
  150  16:09  Probe  
  150  16:11  Carrier  
  151  16:16  Carrier  
  162  16:42  Blink  
  162  16:43  Nexus  
  162  16:46  Pylon  
  162  16:48  Pylon  
  162  16:54  Pylon  
  162  16:56  Pylon  
  162  17:08  Photon Cannon  
  162  17:09  Photon Cannon  
  162  17:10  Photon Cannon  
  162  17:13  Photon Cannon  
  162  17:20  Photon Cannon  
  162  17:21  Photon Cannon  
  162  17:23  Photon Cannon  
  162  17:36  Carrier  
  168  17:53  Protoss Ground Weapons Level 3  
  168  17:54  Protoss Ground Armor Level 3  
  168  17:57  Protoss Shields Level 3  
  168  18:11  Pylon  
  168  18:22  Observer  
  169  18:36  Carrier  
  172  18:43  Resonating Glaives, Observer  
  151  19:05  Observer  
  126  19:47  Warp Prism (Chrono Boost)  
  128  20:46  Nexus  
  128  21:28  Colossus  
Show
View Real Time Build Order
Export as new Build Order

IagoAbreu Terran 

Build Orders:  

Get SALT Encoding   

  12  0:10  Supply Depot  
  12  0:16  SCV  
  13  0:28  SCV  
  13  0:30  Supply Depot  
  14  0:45  Barracks  
  14  0:46  SCV  
  15  0:59  Supply Depot  
  15  1:01  SCV  
  16  1:09  Refinery  
  16  1:17  Refinery  
  16  1:19  SCV  
  17  1:39  Barracks  
  17  1:40  Marine  
  17  1:42  SCV  
  19  1:55  SCV  
  19  1:58  Marine  
  21  2:02  Engineering Bay  
  21  2:21  Factory  
  21  2:23  Marine  
  21  2:25  SCV  
  23  2:35  Terran Infantry Weapons Level 1  
  23  2:50  Orbital Command  
  23  2:55  Barracks Reactor  
  23  2:59  Barracks Reactor  
  23  3:16  Factory Tech Lab  
  23  3:19  SCV  
  24  3:31  SCV, Armory  
  25  3:39  Siege Tank  
  28  3:43  Marine x4  
  32  3:49  SCV  
  33  4:10  Reaper x3  
  33  4:11  Reaper  
  37  4:29  Supply Depot  
  37  4:32  Supply Depot  
  37  4:40  Starport  
  37  4:52  Terran Vehicle Weapons Level 1  
  37  5:16  Command Center  
  37  5:21  Bunker  
  37  5:32  Sensor Tower  
  37  5:39  Marine x3  
  37  5:40  Marine  
  37  5:41  Siege Tank  
  44  5:47  Starport Reactor  
  44  5:53  Terran Infantry Armor Level 1  
  44  6:07  Marine  
  44  6:08  Marine x3  
  44  6:11  SCV  
  49  6:23  SCV  
  50  7:01  Bunker  
  50  7:08  Marine  
  50  7:09  Marine  
  52  7:24  Medivac x2  
  52  7:26  Marine x2  
  60  7:36  Liberator  
  60  7:37  Liberator  
  58  7:44  Refinery  
  58  7:54  Orbital Command  
  58  7:55  Refinery  
  58  7:57  SCV  
  65  8:09  SCV  
  65  8:12  Widow Mine  
  68  8:14  Widow Mine  
  68  8:16  Combat Shields  
  68  8:22  SCV  
  69  8:38  SCV  
  70  8:46  Liberator, Supply Depot  
  70  8:47  Liberator  
  70  8:50  Supply Depot  
  70  8:53  SCV  
  71  9:08  Widow Mine x2  
  71  9:09  Marauder  
  83  9:11  Marine x2  
  85  9:18  Supply Depot x2  
  85  9:26  Terran Infantry Weapons Level 2  
  85  9:29  Marine x2, Widow Mine x2  
  85  9:31  Marauder  
  93  9:35  Terran Ship Weapons Level 1  
  92  9:47  Marine x2  
  94  10:05  Marine x2  
  96  10:16  Widow Mine x2  
  98  10:37  Widow Mine x2  
  102  10:56  Marine x2  
  104  11:00  Cyclone x2  
  104  11:03  Liberator x2  
  110  11:20  Marine x2  
  110  11:25  Supply Depot x2  
  118  11:29  Terran Vehicle Weapons Level 2  
  118  11:38  Marine x2  
  120  11:53  Cyclone x2  
  126  11:56  Marine x2  
  126  11:59  Marauder  
  130  12:01  Concussive Shells  
  130  12:14  Marine x2  
  132  12:21  Marauder  
  134  12:32  Marine x2  
  136  12:40  Viking x2  
  140  12:49  Marine x2  
  142  13:08  Marine x2, Cyclone  
  142  13:09  Cyclone, Marauder  
  142  13:10  Viking x2  
  156  13:13  Supply Depot  
  156  13:14  Supply Depot  
  156  13:26  Marine x2  
  158  13:28  Terran Infantry Weapons Level 3  
  158  13:35  Marauder  
  158  13:38  Supply Depot  
  160  13:44  Marine x2  
  162  13:57  Marauder  
  163  14:18  Marauder  
  148  14:39  Viking x2  
  148  14:42  Terran Ship Weapons Level 2  
  149  14:49  Marine x2  
  151  14:53  Cyclone x2  
  151  14:58  Marauder  
  159  15:04  Supply Depot  
  159  15:05  Supply Depot  
  159  15:07  Marine x2  
  161  15:19  Marauder  
  161  15:20  Starport  
  163  15:25  Marine x2, Cyclone x2  
  163  15:26  Medivac  
  163  15:27  Supply Depot x2, Medivac  
  175  15:41  Marauder  
  177  15:43  Marine x2  
  179  15:56  Viking  
  181  15:57  Viking  
  181  16:00  Starport Reactor  
  181  16:01  Marine x2  
  181  16:02  Marauder  
  187  16:18  Marine x2  
  187  16:37  Siege Tank  
  190  16:44  Viking x4  
  198  16:52  Marine x2  
  200  17:06  Orbital Command  
  200  17:11  Terran Ship Weapons Level 3  
  200  17:49  Refinery  
  200  17:50  Refinery  
  200  17:59  Orbital Command  
  95  19:19  Viking x4  
  95  19:23  Marine x2  
  95  19:24  Marine x2  
  54  19:40  Siege Tank  
  54  19:41  Marine  
  58  19:46  Marine  
  58  19:47  Marine x2  
  58  19:49  Viking x4  
  69  19:56  Terran Vehicle And Ship Armor Level 1  
  69  19:57  Terran Infantry Armor Level 2  
  69  19:59  Marine  
  70  20:04  Marine x2  
  70  20:05  Marine  
  73  20:13  Siege Tank  
  76  20:30  Viking  
  76  20:31  Viking x3  
  76  20:33  Marine x4  
  88  20:50  Marine  
  88  20:51  Marine x3  
  92  21:05  Viking  
  92  21:06  Viking x2  
  98  21:16  Viking  
Tags
 
Add a new tag
Caveats
  • Supply blocks, unpowered buildings, or Contaminate may cause inaccurate times.
  • Supply counts are checked every 10 seconds.